 Dungeon Crawl Stone Soup version 0.30.0-29-ga12c61a403 (webtiles) character file.

Game seed: 3959591202373008993

16 Ijustatesigmund the Stinger (level 2, 0/18 HPs)
             Began as an Octopode Venom Mage on June 16, 2023.
             Slain by a hobgoblin (5 damage)
             ... on level 1 of the Dungeon.
             The game lasted 00:01:18 (449 turns).

Ijustatesigmund the Stinger (Octopode Venom Mage)    Turns: 449, Time: 00:01:19

Health: 0/18       AC:  1    Str:  7    XL:     2   Next: 58%
Magic:  1/5        EV: 13    Int: 17    God:
Gold:   0          SH:  0    Dex: 12    Spells: 2/5 levels left

rFire   . . .        b - +0 short sword
rCold   . . .        (no shield)
rNeg    . . .        (helmet restricted)
rPois   .            (no amulet)
rElec   .            (no ring)
rCorr   .            (no ring)
SInv    .            (no ring)
Will    .....        (no ring)
Stlth   +++          (no ring)
HPRegen 0.23/turn    (no ring)
MPRegen 0.09/turn    (no ring)
                     (no ring)

%: no passive effects
@: no status effects
A: almost no armour, amphibious, 8 rings, camouflage 1, gelatinous body 1,
(nimble swimmer 1), tentacles
a: no special abilities


You were on level 1 of the Dungeon.
You visited 1 branch of the dungeon, and saw 1 of its levels.

Inventory:

Hand Weapons
 b - a +0 short sword (weapon)
Potions
 a - a potion of magic


   Skills:
 + Level 1.0 Fighting
 - Level 2.0 Dodging
 - Level 2.6 Stealth
 + Level 2.3 Spellcasting
 - Level 1.0 Transmutations
 + Level 0.2 Air Magic
 + Level 4.0 Poison Magic


You had 2 spell levels left.
You knew the following spells:

 Your Spells              Type           Power      Damage    Failure   Level
a - Sting                 Tmut/Pois      40%        1d5       7%          1
b - Poisonous Vapours     Pois/Air       18%        N/A       12%         2

Your spell library contained the following spells:

 Spells                   Type           Power      Damage    Failure   Level
 Mephitic Cloud           Conj/Pois/Air  6%         N/A       30%         3
 Olgreb's Toxic Radiance  Pois           15%        N/A       34%         4


Dungeon Overview and Level Annotations

Branches:
Dungeon (1/15)

Altars:

Shops:
D:1 (


Innate Abilities, Weirdness & Mutations

You cannot wear most types of armour.
You are amphibious.
You can wear up to eight rings at the same time.
Your skin changes colour to match your surroundings (Stealth+).
Your rubbery body absorbs attacks. (AC +1, EV +1)
((You are camouflaged when in or above water. (Stealth+)))
You have tentacles for arms and can constrict up to eight enemies at once.


Message History

The sting hits the hobgoblin but does no damage.
The hobgoblin is poisoned.
A hobgoblin comes into view.
The hobgoblin hits you.
You closely miss the hobgoblin.
The hobgoblin shouts!
Your grab misses the hobgoblin. You squeeze the hobgoblin.
You kill the hobgoblin!
The dart slug launches a dart at you. The slug dart misses you.
Your Fighting skill increases to level 1!
Your magical contamination has completely faded away.
Casting: Sting (safe; 7% risk of failure)
Confirm with . or Enter, or press ? or * to list all spells.
Aiming: Poisonous Vapours (safe; 12% risk of failure)
Press: ? - help, Dir - move target, f - dart slug
Aim: a dart slug Poisonous vapours surround the dart slug!
The dart slug is poisoned.
The goblin barely misses you.
You miss the goblin. Your grab misses the goblin.
You squeeze the goblin, but do no damage.
The goblin hits you with a +0 club.
You hit the hobgoblin. You grab the hobgoblin.
The hobgoblin is moderately wounded.
You constrict the hobgoblin. The goblin hits you with a +0 club.
The hobgoblin hits you.
You closely miss the goblin. Your grab misses the goblin.
You constrict the hobgoblin, but do no damage.
The goblin hits you with a +0 club.
* * * LOW HITPOINT WARNING * * *
The hobgoblin misses you.
Okay, then.
You hit the goblin.
You kill the goblin!
You constrict the hobgoblin. The hobgoblin barely misses you.
Your Poison Magic skill increases to level 4!
You hit the dart slug.
You kill the dart slug!
You constrict the hobgoblin. The hobgoblin hits you.
You die...

............#.......≈≈≈≈≈≈~≈≈
g...........#.....#..≈≈≈≈≈≈~≈
.............#................
.g...........#........##.###..
....#...)....#...........#.#..
....#....†...#...........#....
............##................
........#...)g##..............
........#...#@.#.....)##..#...
........#....#.......###..+...
........#....#............#...
####.!....................#...
#........(...##........#...
##.............###......)..
#..........##..........##
.........[..............###
....##......................


You could see a hobgoblin.

Vanquished Creatures
  A dart slug (D:1)
  2 ball pythons (D:1)
  An endoplasm (D:1)
  3 goblins (D:1)
  2 hobgoblins (D:1)
  2 jackals (D:1)
  A quokka (D:1)
  A kobold (D:1)
  2 rats (D:1)
15 creatures vanquished.

Notes
Turn   | Place    | Note
-------+----------+-------------------------------------------
     0 | D:1      | Ijustatesigmund the Octopode Venom Mage began the quest for
                  | the Orb.
     0 | D:1      | Reached XP level 1. HP: 11/11 MP: 3/3
   222 | D:1      | Found Dudenive's Antique Weapon Shop.
   254 | D:1      | Reached XP level 2. HP: 15/18 MP: 1/5
   261 | D:1      | Learned a level 2 spell: Poisonous Vapours
   443 | D:1      | Reached skill level 1 in Fighting
   449 | D:1      | Reached skill level 4 in Poison Magic
   449 | D:1      | Slain by a hobgoblin

Illustrated notes

Levels and vault maps discovered:
D:1:      nzn_arrival_water_spiral, layout_basic, serial_shops, shop

Skill      XL: |  1  2 |
---------------+-------+-----
Fighting       | 1 |  1.0
Poison Magic   | 4 |  4.0
Dodging        | |  2.0
Stealth        | |  2.6
Spellcasting   | |  2.3
Transmutations | |  1.0
Air Magic      | |  0.2

Action                     || total
---------------------------++-------
  Melee: Unarmed           ||     7
         Constrict         ||     5
         Tentacles         ||     5
         Short sword       ||    11
   Cast: Sting             ||    13
         Poisonous Vapours ||     1
  Dodge: Dodged            ||    19
